Description

P v Z Macro Immortal/Archon

Build Order

Get SALT Encoding   

  14  0:21  Pylon  
  15  0:42  Gateway  
  17  0:50  Assimilator  
  20  1:24  Nexus  
  20  1:34  Cybernetics Core  
  21  1:41  Assimilator  
  21  1:51  Pylon  
  23  2:11  Adept  
  23  2:12  Warp Gate  
  26  2:25  Twilight Council  
  29  2:38  Stalker  
  34  3:00  Robotics Facility  
  38  3:23  Dark Shrine  
  40  3:38  Adept  
  44  3:44  Assimilator  
  44  3:46  Pylon  
  44  3:55  Gateway x2  
  45  4:03  Warp Prism  
  45  4:04  Gateway  
  49  4:22  Pylon  
  50  4:26  Nexus  
  68  5:39  Forge  
Spawning Tool Build Advisor. Get it on Overwolf

Analysis

P v Z Macro Immortal/Archon

Go to:

Details

  • Created by: Zyos
  • Published on: Aug 09, 2018
  • Modified on: Aug 09, 2018
  • Patch: 4.0.0
Show
View Real Time Build Order
Export as new Build Order

Comments (0)

There are no comments. Be the first!

Create an account to comment!